 Dungeon Crawl Stone Soup version 0.30-a0-141-g30f27751c5 (webtiles) character file.

Game seed: 7596469202510512188

115 qw the Chopper (level 5, -3/32 HPs)
             Began as a Gargoyle Fighter on Sept 25, 2022.
             Killed by divine providence
             ... invoked by an orc priest
              (10 damage)
             ... on level 3 of the Dungeon.
             The game lasted 00:00:59 (2502 turns).

qw the Chopper (Gargoyle Fighter)                   Turns: 2502, Time: 00:00:59

Health: -3/32      AC: 16    Str: 21    XL:     5   Next: 0%
Magic:  5/5        EV:  5    Int:  9    God:
Gold:   112        SH:  4    Dex:  9    Spells: 4/4 levels left

rFire   . . .      SeeInvis .    Y - +0 war axe
rCold   . . .      Faith    .    c - +0 buckler
rNeg    + . .      Spirit   .    i - +0 plate armour
rPois   inf        Reflect  .    (no helmet)
rElec   +          Harm     .    e - +0 cloak
rCorr   .          Rampage  .    (no gloves)
Will    .....                    (no boots)
Stlth   ..........               k - amulet of the acrobat
HPRegen 0.10/turn                (no ring)
MPRegen 0.09/turn                (no ring)

@: no status effects
A: sickness immunity, AC +4, negative energy resistance 1, electricity
resistance, torment resistance 1, petrification resistance
a: no special abilities


You were on level 3 of the Dungeon.
You visited 1 branch of the dungeon, and saw 3 of its levels.

You collected 112 gold pieces.


Innate Abilities, Weirdness & Mutations

You are immune to sickness and miasma.
Your stone body is resilient. (AC +4)
You are immune to poison.
You resist negative energy. (rN+)
You are resistant to electric shocks. (rElec)
You are resistant to unholy torment.
You are immune to petrification.


   Skills:
 - Level 3.2 Fighting
 + Level 4.5 Axes
 - Level 3.2 Armour
 - Level 3.2 Shields


You had 4 spell levels left.
You didn't know any spells.
Your spell library was empty.

Inventory:

Hand Weapons
 f - a +0 whip
 Y - a +0 war axe (weapon)
Armour
 c - a +0 buckler (worn)
 e - a +0 cloak (worn)
 i - a +0 plate armour (worn)
Jewellery
 k - an amulet of the acrobat (around neck)
Scrolls
 a - a scroll of amnesia {unknown}
 j - a scroll of identify
Potions
 b - 2 potions of curing {unknown}
 d - 2 potions of might

Dungeon Overview and Level Annotations

Branches:
Dungeon (3/15)

Altars:
Ashenzari


Message History

The bat barely misses you. x2; The bat completely misses you.
You slash the bat!
You kill the bat!
Found a book of Burglary.
There is a stone staircase leading down here.
An orc wizard comes into view.
It is wielding a +0 dagger. 2 orcs come into view.
An orc is wielding a +0 flail and wearing a +2 leather armour of cold resistance.
The orc shouts! x2; You hear a shout!
A hobgoblin comes into view.
An orc priest comes into view. It is wielding a +0 short sword.
The hobgoblin shouts!
You hear an angry hiss.
You closely miss the orc wizard.
The orc wizard mumbles some strange words.
The orc wizard flickers and vanishes!
Deactivating autopickup; reactivate with Ctrl-A.
Something hits you but does no damage.
You miss something.
You hear some strange, mumbled words.
Something tries to affect you, but you resist.
You hear an angry hiss.
You closely miss something. Something hits you but does no damage.
A frilled lizard comes into view.
You barely miss something. Something hits you.
The orc priest miscasts a cantrip.
You barely miss something. Something hits you but does no damage.
The orc priest mumbles some strange prayers to Beogh against you.
Beogh smites you!
You slash the orc!
You kill the orc!
The orc priest calls down the wrath of Beogh upon you.
Beogh smites you!
You have reached level 5!
You hit something.
The orc priest calls down the wrath of Beogh upon you.
Beogh smites you!
You die...

#.# ##########..
.:##.....#<...#
..#.......%)...
..............#
#.............
#............# .+###
####...........>.
....o.##...............#
....og)@.###>...........
....l##### ##.....#....#
... ##.)######.. . #..#
## #..#### #.....#
#.###.# #.# #.# #.# #.#


You could see an orc priest, an orc, a hobgoblin and a frilled lizard.

Vanquished Creatures
  3 gnolls (D:2)
  3 adders (D:2)
  A dart slug (D:1)
  3 orcs (D:3)
  2 endoplasms (D:1)
  2 giant cockroaches (D:2)
  7 hobgoblins
  5 quokkas
  3 ball pythons (D:1)
  7 bats
  2 frilled lizards
  6 goblins
  5 kobolds (D:1)
  8 rats
57 creatures vanquished.

Vanquished Creatures (others)
  51 plants (D:2)
51 creatures vanquished.

Grand Total: 108 creatures vanquished

Notes
Turn   | Place    | Note
-------+----------+-------------------------------------------
     0 | D:1      | qw the Gargoyle Fighter began the quest for the Orb.
     0 | D:1      | Reached XP level 1. HP: 14/14 MP: 1/1
     0 | D:1      | 0 ||| qw: Version: 0.2-a-10-g399e6c4
     0 | D:1      | 0 ||| qw: Game counter: 198
     0 | D:1      | 0 ||| qw: Always use a shield: true
     0 | D:1      | 0 ||| qw: God list: Okawaru
     0 | D:1      | 0 ||| qw: Allow faded altars: false
     0 | D:1      | 0 ||| qw: Do Orc after D:15 true
     0 | D:1      | 0 ||| qw: Do second Lair branch before Depths: true
     0 | D:1      | 0 ||| qw: Lair rune preference: random
     0 | D:1      | 0 ||| qw: Plans: Normal, Zot:1-4, God:TSO, Crypt, Tomb,
                  | Pan, Slime:5, Hells, Abyss, Orb
     0 | D:1      | 0 ||| PLANNING D:1-11
    86 | D:1      | Reached skill level 2 in Axes
   509 | D:1      | Found a faded altar of an unknown god.
   517 | D:1      | Reached XP level 2. HP: 19/19 MP: 2/2
   521 | D:1      | 521 ||| Stepping ~*~*~tactically~*~*~ (stealth).
   529 | D:1      | 529 ||| Stepping ~*~*~tactically~*~*~ (stealth).
   980 | D:1      | Reached skill level 3 in Axes
  1109 | D:1      | Reached XP level 3. HP: 23/23 MP: 3/3
  1149 | D:1      | 1149 ||| UPGRADING to +0 cloak.
  1154 | D:1      | 1154 ||| READING scroll labelled FEMMIT QONUPSO.
  1155 | D:1      | 1155 ||| READING scroll labelled SEZ VERISEYLAO.
  1156 | D:1      | 1156 ||| READING scroll labelled KOYCWIFR JAENY.
  1310 | D:2      | 1310 ||| Stepping ~*~*~tactically~*~*~ (stealth).
  1461 | D:2      | 1461 ||| Stepping ~*~*~tactically~*~*~ (stealth).
  1475 | D:2      | 1475 ||| Stepping ~*~*~tactically~*~*~ (stealth).
  1477 | D:2      | 1477 ||| Stepping ~*~*~tactically~*~*~ (stealth).
  1635 | D:2      | 1635 ||| Stepping ~*~*~tactically~*~*~ (stealth).
  1641 | D:2      | 1641 ||| Stepping ~*~*~tactically~*~*~ (stealth).
  1647 | D:2      | Reached XP level 4. HP: 26/28 MP: 4/4
  1681 | D:2      | 1681 ||| Stepping ~*~*~tactically~*~*~ (stealth).
  1696 | D:2      | Reached skill level 4 in Axes
  1795 | D:2      | 1795 ||| Stepping ~*~*~tactically~*~*~ (stealth).
  1841 | D:2      | Found a broken altar of Ashenzari.
  1928 | D:2      | 1928 ||| Stepping ~*~*~tactically~*~*~ (stealth).
  2213 | D:2      | 2213 ||| UPGRADING to +0 plate armour.
  2223 | D:2      | 2223 ||| DROPPING +0 scale mail.
  2224 | D:2      | 2224 ||| UPGRADING to amulet of the acrobat.
  2229 | D:2      | 2229 ||| READING scroll labelled OTZOYVYQAZO.
  2230 | D:2      | 2230 ||| READING scroll labelled DANKATSA YVUAS.
  2231 | D:2      | 2231 ||| READING scroll labelled KIFUMO TONETRE.
  2323 | D:3      | 2323 ||| STAIRDANCE
  2501 | D:3      | HP: 6/28 [orc priest/divine providence (8)]
  2502 | D:3      | Reached XP level 5. HP: 7/32 MP: 5/5
  2502 | D:3      | Killed from afar by an orc priest

Levels and vault maps discovered:
D:1:      amcnicky_arrival_blooded_trapdoor, layout_basic,
          shapermc_ecumenical_altar_starsandcircs
D:2:      wad_woods_stonehenge, layout_basic
D:3:      layout_rooms, wad_floor_pattern_1, roderic_roman_lattice,
          chequers_serial_rivers_room_a, minmay_misc_feat_tiny, st_stairs_9,
          due_unseen_surprise, uniq_ijyb

Skill      XL: |  1  2  3  4 |
---------------+-------------+-----
Axes           | 2 3 4 |  4.5
Fighting       | |  3.2
Armour         | |  3.2
Shields        | |  3.2

Action                   |  1- 3 |  4- 6 || total
-------------------------+-------+-------++-------
Melee: War axe           |    98 |    87 ||   185
  Use: Scroll            |     3 |     3 ||     6
Armor: Scale mail        |    51 |    20 ||    71
       Plate armour      |       |    27 ||    27
Dodge: Dodged            |    45 |    37 ||    82
Block: Buckler           |    22 |    12 ||    34

Table legend:
 A = Non-vault XP
 B = Vault XP
 C = Vault XP percentage of total XP
 D = Non-vault monster count
 E = Vault monster count
 F = Vault count percentage of total count
                 A         B        C        D         E       F
            +---------+---------+-------+---------+---------+-------
      Total |     150 |      15 |   9.1 |      49 |       8 |  14.0
            +---------+---------+-------+---------+---------+-------
        D:1 |      37 |       0 |   0.0 |      23 |       0 |   0.0
        D:2 |     105 |      11 |   9.5 |      22 |       6 |  21.4
        D:3 |       8 |       4 |  33.3 |       4 |       2 |  33.3
            +---------+---------+-------+---------+---------+-------
